 Dungeon Crawl Stone Soup version 0.22.0-38-g04b72b8 (webtiles) character file.

207 Lew the Covered (level 5, -1/33 HPs)
             Began as a Gargoyle Fighter on Aug 30, 2018.
             Slain by a worker ant (5 damage)
             ... on level 4 of the Dungeon.
             The game lasted 00:03:53 (1989 turns).

Lew the Covered (Gargoyle Fighter)                  Turns: 1989, Time: 00:03:53

Health: -1/33      AC: 11    Str: 25    XL:     5   Next: 85%
Magic:  5/5        EV:  8    Int:  8    God:
Gold:   164        SH: 10    Dex: 10    Spells: 4/4 levels left

rFire    . . .     SeeInvis .   a - +0 war axe
rCold    . . .     Gourm    .   c - +0 shield
rNeg     + . .     Faith    .   b - +0 scale mail
rPois    ∞         Spirit   .   (no helmet)
rElec    +         Reflect  .   (no cloak)
rCorr    .         Harm     .   (no gloves)
MR       .....                  (no boots)
Stlth    ..........             (no amulet)
HPRegen  0.11/turn              (no ring)
MPRegen  0.09/turn              (no ring)

@: mighty
A: negative energy resistance 1, electricity resistance, unbreathing,
petrification resistance, rot immunity, AC +4
a: no special abilities


You were on level 4 of the Dungeon.
You were very hungry.

You visited 1 branch of the dungeon, and saw 4 of its levels.

You collected 164 gold pieces.

Inventory:

Hand Weapons
 a - a +0 war axe (weapon)
Armour
 b - a +0 scale mail (worn)
 c - a +0 shield (worn)
Wands
 r - a wand of polymorph (10)
Scrolls
 e - 2 scrolls of remove curse {unknown}
 h - a scroll of random uselessness {unknown}
 k - 4 scrolls of identify {unknown}
 n - a scroll of amnesia {unknown}
 o - a scroll of fear {unknown}
 p - 3 scrolls of magic mapping {unknown}
 q - a scroll of blinking {unknown}
Potions
 g - a potion of berserk rage {unknown}
 i - 2 potions of heal wounds {unknown}
 j - a potion of degeneration {unknown}
 l - a potion of curing {unknown}
 m - 2 potions of flight {unknown}
Comestibles
 f - 7 rations


   Skills:
 + Level 4.2 Fighting
 + Level 2.8 Axes
 + Level 4.3 Armour
 + Level 1.7 Dodging
 + Level 4.2 Shields


You had 4 spell levels left.
You didn't know any spells.
Your spell library was empty.

Dungeon Overview and Level Annotations

Branches:
Dungeon (4/15)
 Temple: D:4-7

Altars:

Annotations:
D:3 2 transporters, Ymberto's ghost, amateur NaTm


Innate Abilities, Weirdness & Mutations

You are resistant to torment.
Your stone body is resilient. (AC +4)
You are immune to poison.
You resist negative energy. (rN+)
You are resistant to electric shocks. (rElec)
You can survive without breathing.
You are immune to petrification.
You are immune to rotting.


Message History

You slide downwards.
The hatch slams shut behind you.
Found a flail.
Okay, then.
You slash the jelly!
Your hands burn!
* * * LOW HITPOINT WARNING * * *
The jelly is almost dead.
The jelly hits you but does no damage.
You feel very mighty all of a sudden. You block the jelly's attack.
You slash the jelly!
You kill the jelly!
You see here a flail.
You start resting.
You are feeling very hungry.
A worker ant comes into view.
You see here a flail.
You block the worker ant's attack.
You closely miss the worker ant. You block the worker ant's attack.
The worker ant bites you.
You die...

######
.....
#..###
#...#
###)###
#.@.#
###a.#
#..#
#...
##...
.. .


You could see a worker ant.

Vanquished Creatures
  A hound (D:3)
  2 jellies
  An adder (D:2)
  3 oozes (D:3)
  3 worms
  3 dart slugs
  2 leopard geckos (D:1)
  6 orcs (D:3)
  4 giant cockroaches
  2 goblins
  5 hobgoblins
  9 jackals
  12 kobolds
  A quokka (D:3)
  2 ball pythons
  5 bats
  4 frilled lizards (D:1)
  9 rats
74 creatures vanquished.

Vanquished Creatures (others)
  5 fungi (D:3)
  5 toadstools (D:3)
10 creatures vanquished.

Grand Total: 84 creatures vanquished

Notes
Turn   | Place    | Note
-------+----------+-------------------------------------------
     0 | D:1      | Lew the Gargoyle Fighter began the quest for the Orb.
     0 | D:1      | Reached XP level 1. HP: 14/14 MP: 1/1
    84 | D:1      | Reached XP level 2. HP: 10/19 MP: 2/2
   573 | D:1      | Reached XP level 3. HP: 23/23 MP: 3/3
  1065 | D:2      | Reached skill level 1 in Dodging
  1401 | D:2      | Reached XP level 4. HP: 29/29 MP: 4/4
  1614 | D:3      | Found a transporter.
  1633 | D:3      | Noticed Ymberto's ghost (amateur NaTm)
  1636 | D:3      | Found a transporter.
  1721 | D:3      | Reached XP level 5. HP: 28/33 MP: 5/5
  1989 | D:4      | Slain by a worker ant

Skill      XL: |  1  2  3  4  5 |
---------------+----------------+-----
Axes           | 2 |  2.8
Dodging        | 1 |  1.7
Fighting       | 4 |  4.2
Armour         | 4 |  4.3
Shields        | 4 |  4.2

Action                   |  1- 3 |  4- 6 || total
-------------------------+-------+-------++-------
Melee: War axe           |   138 |    85 ||   223
  Use: Potion            |       |     1 ||     1
  Eat: Chunk             |     2 |     1 ||     3
Armor: Scale mail        |    83 |    58 ||   141
Dodge: Dodged            |    50 |    28 ||    78
Block: Shield            |    84 |    65 ||   149
